Workbook

Sheet OFERTAS LAB. BIOLOGIA
A3: No. Oferta | B3: Proponente | C3: Garantía de seriedad de la oferta | D3: Vigencia | E3: Valor asegurado | F3: OBSERVACION | G3: Costo de la oferta con AU e IVA sobre utilidad incluido (S/A) | H3: CAPACIDAD RESIDUAL ≥ 449,74 SMMLV | I3: RESIDENTE DE OBRA (100 PUNTOS) | K3: APOYO A LA INDUSTRIA NACIONAL (100 PUNTOS)
C4: Garantía de seriedad de la oferta | D4: Vigencia | E4: Valor asegurado | H4: CUMPLE | I4: PROFESIONAL | J4: CUMPLE | K4: DOCUMENTO | L4: CUMPLE
A5: =A4+1 -> 1 | B5: INTEC PROYECTOS Y SERVICIOS SAS | C5: Seguros del Estado | D5: Desde el 14-07-2020 al 14-11-2020 | E5: 37077986 | G5: 400995880 | H5: X | I5: Ingo. Civil RAMIRO ERNESTO GUARIN BARON | J5: SI | K5: NINGUNO | L5: NO
A6: =A5+1 -> 2 | B6: DIARQCO CONSTRUCTORES SAS | C6: Seguros mundial | D6: 14-07-2020 hast el 20-10-2020 | E6: 37077986 | G6: 397964399 | H6: X | I6: Ingo. Civil ORLANDO GERMAN POSSO AREVALO | J6: SI | K6: CARTA | L6: SI
A7: =A6+1 -> 3 | B7: ARIETE INGENIERIA Y CONSTRUCCION SAS | C7: Seguros del estado | D7: 13-07-2020 hasta el 30-11-2020 | E7: 37077986 | G7: 400867242 | H7: X | I7: Ingo. Civil LAURA JOHANNA CRICIEN PANESSO | J7: SI | K7: CARTA | L7: SI
A8: =A7+1 -> 4 | B8: JOSE ORLANDO SUAREZ LONDOÑO | C8: Seguros Mundial | D8: 14-07-2020 hasta el 14-12-2020 | E8: 37077986 | G8: 392131937 | H8: X | I8: Ingo. Civil ANDRES MAURICIO NARANJO USMA | J8: SI | K8: CARTA | L8: SI
A9: =A8+1 -> 5 | B9: ECOCIVIL SAS | C9: Seguros Mundial | D9: 14-07-2020 hasat el 14-11-2020 | E9: 37077986 | G9: 399904861 | H9: X | I9: Ingo. Civil NICOLAS JOSE IDARRAGA IDARRAGA | J9: SI | K9: CARTA | L9: SI
A10: =A9+1 -> 6 | B10: CONSTRUCCIONES GOMEZ OROZCO | C10: Aseguradora Soliaria | D10: 14-07-2020 al 14-10-2020 | E10: 37077986 | F10: CORREGIDA | G10: =399261413 -> 399261413 | H10: X | I10: Inga. Civil BEATRIZ ELENA CASTAÑO PUERTA | J10: SI | K10: CARTA | L10: SI
A11: =A10+1 -> 7 | B11: DIEGO FERNANDO POLANIA LISCANO | C11: Seguros Mundial | D11: 14-07-2020 hasta el 14-12-2020 | E11: 37077986 | G11: 400825919 | H11: X | I11: Ingo. Civil JUAN CARLOS MONJE QUIROGA | J11: SI | K11: CARTA | L11: SI

Sheet EVALUACION TECNICA
A1: PRESUPUESTO OFICIAL | O1: 408602167 | P1: =O1/908526 -> 449.74185
B2: OFERENTES | C2: ACUERDO CONSORCIAL | E2: RUT | G2: ENDEUDAMIENTO (Menor o igual a 70%) | I2: LIQUIDEZ (Mayor o igual a 1.0) | K2: RAZÓN DE COBERTURA DE INTERESES | M2: RENTABILIDAD SOBRE EL PATRIMONIO | O2: CAPACIDAD RESIDUAL | Q2: EXPERIENCIA INGENIERO RESIDENTE (100 puntos) | S2: CERTIFICADO IND. NACIONAL (100 puntos) | U2: FACTOR PRECIO (800 PUNTOS) | W2: OBSERVACIONES | Y2: PUNTAJE TOTAL
K3: (Mayor o igual a 1.0 ) | M3: (Mayor o igual a 0.0) | O3: (Igual o superior a 422,395 SMMLV) | Q3: Cumple | R3: No Cumple | S3: Cumple | T3: No Cumple | U3: VR. PROPUESTA | V3: PUNTAJE PRECIO
C4: Cumple | D4: No cumple | E4: Cumple | F4: No cumple | G4: Cumple | H4: No | I4: Cumple | J4: No | K4: Cumple | L4: No | M4: Cumple | N4: No | O4: Cumple | P4: No cumple
A5: 1 | B5: INTEC PROYECTOS Y SERVICIOS SAS | C5: N/A | E5: F. 33-35 | G5: F. 15 | I5: F. 15 | K5: F. 15 | M5: F. 16 | O5: X | P5: - | Q5: X | R5: - | T5: X | U5: ='OFERTAS LAB. BIOLOGIA'!G5 -> 400995880 | V5: =($U$8/U5)*800 -> 782.31614 | Y5: =V5+100 -> 882.31614
A6: =A5+1 -> 2 | B6: DIARQCO CONSTRUCTORES SAS | C6: N/A | E6: F. 39 | G6: F. 8 | I6: F. 8 | K6: F. 8 | M6: F. 8 | O6: X | P6: - | Q6: X | R6: - | S6: X | U6: ='OFERTAS LAB. BIOLOGIA'!G6 -> 397964399 | V6: =($U$8/U6)*800 -> 788.27541 | W6: PLAZO | Y6: =V6+200 -> 988.27541 | Z6: 2
A7: =A6+1 -> 3 | B7: ARIETE INGENIERIA Y CONSTRUCCION SAS | C7: N/A | E7: F. 21 | G7: F. 09 | I7: F. 9 | K7: F. 9 | M7: F. 9 | O7: X | P7: - | Q7: X | R7: - | S7: X | U7: ='OFERTAS LAB. BIOLOGIA'!G7 -> 400867242 | V7: =($U$8/U7)*800 -> 782.56719 | W7: RUP | Y7: =V7+200 -> 982.56719
A8: =A7+1 -> 4 | B8: JOSE ORLANDO SUAREZ LONDOÑO | C8: N/A | E8: F.87 | G8: F.23 | I8: F. 23 | K8: F. 23 | M8: F. 23 | O8: X | P8: - | Q8: X | R8: - | S8: X | U8: ='OFERTAS LAB. BIOLOGIA'!G8 -> 392131937 | V8: =($U$8/U8)*800 -> 800 | Y8: =V8+200 -> 1000 | Z8: 1
A9: =A8+1 -> 5 | B9: ECOCIVIL SAS | C9: N/A. | E9: F.77 | G9: F.26 | I9: F.26 | K9: F.26 | M9: F.26 | O9: X | P9: - | Q9: X | R9: - | S9: X | U9: ='OFERTAS LAB. BIOLOGIA'!G9 -> 399904861 | V9: =($U$8/U9)*800 -> 784.45045 | W9: PLAZO,RUP | Y9: =V9+200 -> 984.45045 | Z9: 4
A10: =A9+1 -> 6 | B10: CONSTRUCCIONES GOMEZ OROZCO | C10: N/A | E10: F.51-53 | G10: F.14 | I10: F.14 | K10: F.14 | M10: F.14 | O10: X | P10: - | Q10: X | R10: - | S10: X | U10: ='OFERTAS LAB. BIOLOGIA'!G10 -> 399261413 | V10: =($U$8/U10)*800 -> 785.71467 | W10: PLAZO, INCONSISTENCIA | Y10: =V10+200 -> 985.71467 | Z10: 3
A11: =A10+1 -> 7 | B11: DIEGO FERNANDO POLANIA LISCANO | C11: N/A | E11: F.8 | G11: F.10 | I11: F.10 | K11: F.10 | M11: F.10 | O11: X | P11: - | Q11: X | R11: - | S11: X | U11: ='OFERTAS LAB. BIOLOGIA'!G11 -> 400825919 | V11: =($U$8/U11)*800 -> 782.64786 | W11: PLAZO | Y11: =V11+200 -> 982.64786
A12: =#REF!+1 -> #REF! | B12: ESTANDAR INGENIEROS SAS | C12: N/A | E12: F.13 | G12: F. 49 | I12: F.49 | K12: F.49 | M12: F.49 | O12: F.95 | Q12: F27 | S12: F24 | U12: ='OFERTAS LAB. BIOLOGIA'!#REF! -> #REF! | V12: 0 | W12: RUP | Y12: 0
A13: =A12+1 -> #REF! | B13: INTEGRARCONSTRUCCIONES SAS | C13: N/A | E13: F. 41-45 | G13: F. 15 | I13: F. 15 | K13: F. 16 | M13: F.16 | O13: F.51 | Q13: F97-98 | S13: F60 | U13: ='OFERTAS LAB. BIOLOGIA'!#REF! -> #REF! | V13: 0 | W13: RUP | Y13: 0
